 Dungeon Crawl Stone Soup version 0.24.1 (webtiles) character file.

Game seed: 10627551867325451592, levelgen mode: deterministic

1568 Destapler the Sneak (level 8, -1/91 HPs)
             Began as a Vampire Gladiator on Mar 28, 2020.
             Was a Follower of Okawaru.
             Slain by a bullfrog (4 damage)
             ... on level 8 of the Dungeon.
             The game lasted 00:23:06 (4671 turns).

Destapler the Sneak (Vampire Gladiator)             Turns: 4671, Time: 00:23:07

Health: -1/91      AC:  6    Str: 16 (18) XL:     8   Next: 59%
Magic:  8/9        EV: 14    Int:  8 (11) God:    Okawaru [*.....]
Gold:   230        SH:  2    Dex: 16 (17) Spells: 5/7 levels left

rFire    + . .     SeeInvis +   a - +1 rapier
rCold    . . .     Gourm    .   (no shield)
rNeg     . . .     Faith    .   o - +0 leather armour
rPois    .         Spirit   .   c - +0 helmet
rElec    .         Reflect  +   e - +0 cloak
rCorr    .         Harm     .   (no gloves)
MR       .....     Rnd*Tele +   i - +0 pair of boots
Stlth    ..........             m - +2 amulet of reflection
HPRegen  0.45/turn              r - ring of protection from fire
MPRegen  0.11/turn              y - ring of teleportation (curse)

@: berserking, regenerating quickly, very quick
A: no food, fangs 3, see invisible, unbreathing
a: Exsanguinate, Heroism, Renounce Religion


You were on level 8 of the Dungeon.
You worshipped Okawaru.
Okawaru was aware of your devotion.
You were alive.

You visited 1 branch of the dungeon, and saw 7 of its levels.

You collected 230 gold pieces.

Inventory:

Hand Weapons
 a - a +1 rapier (weapon)
 b - a +2 shortbow of freezing
Missiles
 d - a throwing net
 f - 6 curare-tipped darts (quivered)
 n - 177 stones
 u - 13 poisoned darts
 z - 69 arrows
 D - 5 boomerangs
 E - 4 silver boomerangs
Armour
 c - a +0 helmet (worn)
 e - a +0 cloak (worn)
 i - a +0 pair of boots (worn)
 o - a +0 leather armour (worn)
Jewellery
 m - a +2 amulet of reflection (around neck)
 r - a ring of protection from fire (left hand)
 y - a cursed ring of teleportation (right hand)
Wands
 s - a wand of digging (3)
 F - a wand of random effects (20)
Scrolls
 t - a scroll of amnesia
 v - 4 scrolls of identify
 w - a scroll of remove curse
 x - a scroll of teleportation
 A - a scroll of immolation
 B - a scroll of fog
Potions
 g - 2 potions of brilliance {unknown}
 h - a potion of flight {unknown}
 j - 4 potions of haste
 k - 2 potions of heal wounds
 l - 3 potions of curing
 p - a potion of degeneration
 C - 2 potions of lignification {unknown}


   Skills:
 + Level 4.9 Fighting
 + Level 6.5 Short Blades
 - Level 1.5 Throwing
 - Level 4.0 Dodging
 + Level 7.9 Stealth
 - Level 5.2 Hexes
 + Level 2.9 Translocations
 + Level 1.3 Invocations


You had 5 spell levels left.
You knew the following spells:

 Your Spells              Type           Power        Failure   Level  Hunger
a - Confusing Touch       Hex            #.....       6%          1    N/A
b - Apportation           Tloc           #.....       17%         1    N/A

Your spell library contained the following spells:

 Spells                   Type           Power        Failure   Level  Hunger
 Animate Skeleton         Necr           N/A          47%         1    N/A
 Summon Small Mammal      Summ           #...         47%         1    N/A

Dungeon Overview and Level Annotations

Branches:
Dungeon (6/15)             Temple (0/1) D:6

Altars:
Cheibriados
Fedhas
Hepliaklqana
Nemelex Xobeh
Okawaru
Qazlal
Sif Muna
Vehumet
Zin
The Shining One


Innate Abilities, Weirdness & Mutations

You do not eat.
Your natural rate of healing is unusually fast.
You have razor-sharp teeth.
You have supernaturally acute eyesight. (SInv)
You can survive without breathing.


Message History

* * * LOW HITPOINT WARNING * * *
The ogre barely misses you. The killer bee closely misses you.
The bullfrog completely misses you.
Okay, then.
You are too injured to fight recklessly!
You are too injured to fight recklessly!
You are too injured to fight recklessly!
You are too injured to fight recklessly!
You are too injured to fight recklessly!
You are too injured to fight recklessly!
You are too injured to fight recklessly!
Your leather armour prevents you from hitting the gargoyle.
Your bite misses the gargoyle.
The gargoyle is heavily damaged.
The killer bee closely misses you. The gargoyle misses you.
Unknown command.
You hit the gargoyle.
The gargoyle is heavily damaged.
The bullfrog hits you.
You die...

## .
##########
#<$.$.$.>#
#$.$.$.$.#
#.J(($$.$#
#$9FH}[$.#
#(@Oc)(.$#
#)yO$=)$.#
#.l.$.$.$#
#>.$($.$<#
##########
.. ##


You could see a slime creature, a two-headed ogre, a hippogriff, a basilisk, a
gargoyle, an ogre, a bullfrog, a centaur and a killer bee.

Vanquished Creatures
  A sky beast (D:5)
  3 ogres (D:5)
  4 centaurs
  A big kobold (D:3)
  A bullfrog (D:6)
  A scorpion (D:3)
  A howler monkey (D:6)
  A centaur zombie (D:4)
  2 crimson imps (D:5)
  An orc priest (D:4)
  2 jellies (D:6)
  A bullfrog skeleton (D:4)
  3 iguanas
  Natasha (thrice) (D:3)
  5 worker ants
  2 worker ant zombies
  A howler monkey skeleton (D:6)
  6 adders
  A shadow imp (D:4)
  4 worms
  5 dart slugs
  2 leopard geckos
  2 orcs (D:4)
  A giant cockroach (D:2)
  8 goblins
  4 hobgoblins
  13 jackals
  4 kobolds
  A quokka (D:4)
  3 ball pythons
  7 bats
  3 frilled lizards
  A giant cockroach zombie (D:4)
  A jackal skeleton (D:4)
  A jackal zombie (D:4)
  A leopard gecko skeleton (D:4)
  A quokka zombie (D:4)
  7 rats
109 creatures vanquished.

Vanquished Creatures (others)
  An orc priest (D:4)
  An orc (D:4)
2 creatures vanquished.

Grand Total: 111 creatures vanquished

Notes
Turn   | Place    | Note
-------+----------+-------------------------------------------
     0 | D:1      | Destapler the Vampire Gladiator began the quest for the
                  | Orb.
     0 | D:1      | Reached XP level 1. HP: 16/16 MP: 1/1
    52 | D:1      | Reached skill level 1 in Stealth
   127 | D:1      | Reached XP level 2. HP: 22/22 MP: 2/2
   556 | D:1      | Reached skill level 2 in Stealth
   595 | D:1      | Reached XP level 3. HP: 25/27 MP: 3/3
   998 | D:2      | Reached skill level 3 in Stealth
   998 | D:2      | Reached XP level 4. HP: 18/34 MP: 4/4
  1239 | D:2      | Found a stormy altar of Qazlal.
  1394 | D:2      | Found a glowing golden altar of the Shining One.
  1743 | D:3      | Learned a level 1 spell: Confusing Touch
  1827 | D:3      | Noticed Natasha
  1852 | D:3      | Killed Natasha
  1852 | D:3      | Reached skill level 1 in Hexes
  1932 | D:3      | Noticed Natasha
  1968 | D:3      | Killed Natasha
  1968 | D:3      | Reached XP level 5. HP: 20/40 MP: 5/5
  2060 | D:3      | Noticed Natasha
  2069 | D:3      | Killed Natasha
  2072 | D:3      | Found a glowing silver altar of Zin.
  2078 | D:3      | Reached skill level 4 in Stealth
  2424 | D:3      | Found a sparkling altar of Nemelex Xobeh.
  2424 | D:3      | Found a transporter.
  2473 | D:3      | Reached XP level 6. HP: 23/47 MP: 6/6
  2508 | D:3      | Learned a level 1 spell: Apportation
  2914 | D:4      | Reached skill level 5 in Stealth
  2928 | D:4      | Found a radiant altar of Vehumet.
  3004 | D:4      | Reached skill level 5 in Short Blades
  3066 | D:4      | Found a snail-covered altar of Cheibriados.
  3085 | D:4      | Reached skill level 5 in Hexes
  3118 | D:4      | Reached XP level 7. HP: 49/52 MP: 7/7
  3166 | D:4      | Found an iron altar of Okawaru.
  3206 | D:4      | Became a worshipper of Warmaster Okawaru
  3409 | D:5      | Entered Level 5 of the Dungeon
  3626 | D:5      | Found a hazy altar of Hepliaklqana.
  3632 | D:5      | Reached skill level 1 in Translocations
  3649 | D:5      | HP: 2/53 [poisoned by an adder]
  3670 | D:5      | Reached skill level 6 in Stealth
  3763 | D:5      | Found a blossoming altar of Fedhas.
  4022 | D:5      | Reached XP level 8. HP: 59/61 MP: 8/8
  4122 | D:5      | Reached skill level 7 in Stealth
  4409 | D:6      | Reached * piety under Okawaru
  4574 | D:6      | Found a staircase to the Ecumenical Temple.
  4604 | D:6      | Found a shimmering blue altar of Sif Muna.
  4614 | D:6      | Reached skill level 1 in Invocations
  4663 | D:6      | You fall into a shaft and drop 2 floors!
  4663 | D:8      | Noticed a two-headed ogre
  4663 | D:8      | Noticed a slime creature
  4664 | D:8      | Noticed a gargoyle
  4664 | D:8      | Noticed a hippogriff
  4669 | D:8      | HP: 3/91 [two-headed ogre/+2 dire flail of crushing (14)]
  4671 | D:8      | Slain by a bullfrog

Levels and vault maps discovered:
D:1:      erik_arrival_cave_to_civilisation [erik_arrival_cave_to_hall],
          layout_basic, serial_forest, infiniplex_forest_join,
          infiniplex_forest_clump_curved, infiniplex_forest_lined_corner,
          infiniplex_forest_clump_tiny, infiniplex_forest_clump_medium,
          infiniplex_forest_straight_2, infiniplex_forest_lined_3_way,
          infiniplex_forest_clump_curved, infiniplex_forest_clump_diagonal
D:2:      layout_basic, nicolae_qazlal_eye_of_the_storm, tso_oasis_becter,
          first_ration
D:3:      layout_basic, overflow_temple_1_default, grunt_nemelex_the_gamble,
          uniq_natasha
D:4:      minmay_spotlight, layout_loops_ring, nicolae_overflow_crystal_walls,
          cheibriados_altar_1, fiery_altar_vehumet, serial_undead,
          serial_undead_f, serial_undead_c, serial_undead_b, serial_undead_c
D:5:      layout_basic, fedhas_bush_and_centaur_altar, basic_altar,
          guppyfry_early_lair_pool
D:6:      layout_basic, overflow_temple_1_default, minmay_temple_entry_ruins
D:8:      layout_cave_pods, serial_shops, shop, gammafunk_ghost_arena,
          minivault_12, uniq_pikel

Skill      XL: |  1  2  3  4  5  6  7  8 |
---------------+-------------------------+-----
Stealth        | 1 2 3 4 5 6 7 |  7.9
Fighting       | 2 3 4 |  4.9
Short Blades   | 4 5 6 |  6.5
Dodging        | 4 |  4.0
Hexes          | 1 3 5 |  5.2
Translocations | 1 2 |  2.9
Invocations    | 1 |  1.3
Throwing       | |  1.5

Action                   |  1- 3 |  4- 6 |  7- 9 || total
-------------------------+-------+-------+-------++-------
Melee: Rapier            |   113 |   120 |   150 ||   383
       Bite              |     8 |    32 |    23 ||    63
       Trident           |       |   122 |       ||   122
Throw: Throwing net      |       |     3 |       ||     3
       Dart              |       |     6 |       ||     6
 Cast: Confusing Touch   |       |     4 |     5 ||     9
  Use: Scroll            |     5 |     5 |       ||    10
       Potion            |       |     1 |     5 ||     6
 Stab: Sleeping          |     1 |     6 |     5 ||    12
       Distracted        |     1 |       |       ||     1
       Held in net/web   |       |     1 |       ||     1
       Confused          |       |     2 |     6 ||     8
Armor: Leather armour    |    30 |    78 |    22 ||   130
Dodge: Dodged            |    81 |   227 |   101 ||   409
Block: Other             |     3 |    13 |     8 ||    24
       Reflection        |       |       |     1 ||     1
